[Event "Titled Tuesday Blitz February 22 Early 2022"]
[White "Berezin, Viktor"]
[Black "Winkels, Marcel"]
[WhiteFideId "14107872"]
[BlackFideId "1003887"]
[WhiteElo "2310"]
[BlackElo "1900"]
[Result "1-0"]
[Round "03"]
[TimeControl "180+1"]
[Date "2022.02.22"]
[WhiteClock "0:00:51"]
[BlackClock "0:00:46"]

1. d4 Nf6 2. Nf3 c5 3. d5 b5 4. c4 g6 5. Qc2 d6 6. e4 bxc4 7. Bxc4 Bg7 8. O-O O-O 9. Nc3 Ba6 10. Nb5 Qb6 11. a4 Bxb5 12. axb5 Nbd7 13. Bd2 Qb7 14. Bc3 Nb6 15. Be2 Rfc8 16. Rfd1 c4 17. Nd4 Nfd7 18. Nc6 Nc5 19. Bxg7 Kxg7 20. Bxc4 Nxc4 21. Qxc4 Qd7 22. Qd4+ f6 23. Qe3 Qb7 24. b4 Nd7 25. Nxe7 Re8 26. Nc6 Ne5 27. Nd4 Rac8 28. Ne6+ Kh8 29. Rxa7 Qxb5 30. Qh6 1-0


[Site "https://www.chess.com"]

[Event "Titled Tuesday Blitz February 22 Early 2022"]
[White "Bilan, Danila"]
[Black "Shevtchenko, Olesya"]
[WhiteFideId "24161918"]
[BlackFideId "24131890"]
[WhiteElo "2164"]
[BlackElo "2003"]
[Result "0-1"]
[Round "03"]
[TimeControl "180+1"]
[Date "2022.02.22"]
[WhiteClock "0:00:02"]
[BlackClock "0:00:20"]

1. d4 d5 2. Nf3 Nf6 3. c4 e6 4. Nc3 c5 5. cxd5 Nxd5 6. e4 Nxc3 7. bxc3 cxd4 8. cxd4 Bb4+ 9. Bd2 Bxd2+ 10. Qxd2 O-O 11. Bc4 Nd7 12. O-O b6 13. Rad1 Bb7 14. Rfe1 Rc8 15. Bb3 h6 16. h3 Nf6 17. d5 exd5 18. e5 Ne4 19. Qd4 Qe7 20. Rc1 Rc5 21. Qe3 Rfc8 22. Rcd1 a5 23. Qf4 b5 24. Rd3 a4 25. Bd1 Rc3 26. Rxc3 Rxc3 27. Nd4 Qb4 28. e6 fxe6 29. Nxe6 Rc6 30. Rxe4 dxe4 31. Bg4 Qd6 32. Qe3 Qe5 33. g3 Rxe6 34. Bxe6+ Qxe6 35. Qa7 Qf7 36. Qb8+ Kh7 37. a3 Qd5 38. Qf8 e3 39. Kf1 Qd1# 0-1


[Site "https://www.chess.com"]

[Event "Titled Tuesday Blitz February 22 Early 2022"]
[White "Bodnar, Nikolay"]
[Black "Sahil, Tickoo"]
[WhiteFideId "14106469"]
[BlackFideId "5019710"]
[WhiteElo "2296"]
[BlackElo "2099"]
[Result "0-1"]
[Round "03"]
[TimeControl "180+1"]
[Date "2022.02.22"]
[WhiteClock "0:00:01"]
[BlackClock "0:00:31"]

1. e4 c5 2. Nf3 d6 3. d4 cxd4 4. Nxd4 Nf6 5. Nc3 a6 6. Bg5 e6 7. f4 Be7 8. Qf3 Qc7 9. O-O-O Nbd7 10. g4 h6 11. Bxf6 Bxf6 12. h4 Nb6 13. g5 Bxd4 14. Rxd4 Bd7 15. Kb1 O-O-O 16. Be2 hxg5 17. hxg5 Bc6 18. Rxh8 Rxh8 19. a4 d5 20. e5 g6 21. b3 Kb8 22. Kb2 Nd7 23. Qe3 Qb6 24. Na2 Rh2 25. Bd3 Rh3 26. Qg1 Nc5 27. a5 Nxd3+ 28. cxd3 Qc5 29. b4 Qf8 30. Qc1 Rh2+ 31. Kb3 Qe8 0-1


[Site "https://www.chess.com"]

[Event "Titled Tuesday Blitz February 22 Early 2022"]
[White "Borisova, Ekaterina"]
[Black "Begunov, Konstantin"]
[WhiteFideId "34124184"]
[BlackFideId "4118510"]
[WhiteElo "2034"]
[BlackElo "2262"]
[Result "0-1"]
[Round "03"]
[TimeControl "180+1"]
[Date "2022.02.22"]
[WhiteClock "0:00:03"]
[BlackClock "0:00:17"]

1. d4 d5 2. c4 c6 3. cxd5 cxd5 4. Bf4 Nf6 5. Nc3 Nc6 6. e3 a6 7. Rc1 Bg4 8. Nf3 e6 9. Qb3 Bxf3 10. gxf3 Na5 11. Qa4+ Nc6 12. Qb3 Na5 13. Qa4+ Nc6 14. Rg1 g6 15. Qb3 Na5 16. Qa4+ Nc6 17. Bd3 Bd6 18. Bxd6 Qxd6 19. f4 O-O 20. h4 b5 21. Qd1 Kh8 22. Rg5 Rfc8 23. h5 Nxh5 24. Rxh5 gxh5 25. Qxh5 f5 26. Ke2 Ra7 27. a3 b4 28. Na4 Nxd4+ 29. exd4 Rxc1 30. Nc5 Rxc5 31. dxc5 Qxc5 32. Kf3 Re7 33. Qg5 bxa3 34. Qf6+ Kg8 35. bxa3 Qxa3 36. Ke2 a5 37. Qg5+ Kf8 38. Qf6+ Ke8 39. Bb5+ Kd8 40. Qh8+ Kc7 41. Qe5+ Qd6 42. Qc3+ Kb6 43. Bd3 Rc7 44. Qb2+ Qb4 45. Qh8 Qxf4 46. Qb8+ Kc5 47. Qa8 Qb4 48. Qf8+ Kd4 49. Qf6+ e5 50. Qh4+ e4 51. Qf6+ Kc5 52. Qf8+ Kc6 53. Qe8+ Kb7 54. Bb1 Qxb1 55. Qd8 Qb5+ 56. Ke3 a4 57. Qd6 Qb6+ 58. Kf4 Qxd6+ 0-1


[Site "https://www.chess.com"]

[Event "Titled Tuesday Blitz February 22 Early 2022"]
[White "Bortnyk, Olexandr"]
[Black "Narayanan, Srinath"]
[WhiteFideId "14120828"]
[BlackFideId "5018420"]
[WhiteElo "2723"]
[BlackElo "2472"]
[Result "1-0"]
[Round "03"]
[TimeControl "180+1"]
[Date "2022.02.22"]
[WhiteClock "0:00:18"]
[BlackClock "0:00:05"]

1. e4 e5 2. Bc4 Nf6 3. d3 Nc6 4. Nc3 Na5 5. h3 c6 6. Bg5 b5 7. Bb3 d6 8. Nge2 Be7 9. O-O O-O 10. f4 Nxb3 11. axb3 exf4 12. Nxf4 h6 13. Bxf6 Bxf6 14. d4 Re8 15. Qd3 a5 16. Kh1 b4 17. Nce2 Ba6 18. Qf3 Qe7 19. Nh5 Bxe2 20. Qxe2 Bxd4 21. Qc4 Bxb2 22. Rad1 g6 23. Nf4 Qxe4 24. Rxd6 Qxc4 25. bxc4 a4 26. Nd3 Bc3 27. Nc1 Re2 28. Nxe2 Bb2 29. Nc1 a3 30. Na2 c5 31. Rc6 Bd4 32. Rc7 Re8 33. Rcxf7 h5 34. Rd7 Re2 35. Rxd4 Rxc2 36. Rd8+ Kg7 37. Nc1 Rxc4 38. Rd7+ Kh6 39. Rb7 Rc2 40. h4 Rc4 41. g3 g5 42. Rf6# 1-0


[Site "https://www.chess.com"]

[Event "Titled Tuesday Blitz February 22 Early 2022"]
[White "Budrewicz, Krzysztof"]
[Black "Caputcuoglu, Zeki Berke"]
[WhiteFideId "1127950"]
[BlackFideId "34548610"]
[WhiteElo "2248"]
[BlackElo "1368"]
[Result "1-0"]
[Round "03"]
[TimeControl "180+1"]
[Date "2022.02.22"]
[WhiteClock "0:01:05"]
[BlackClock "0:00:08"]

1. d4 Nf6 2. c4 g6 3. Nc3 d5 4. Nf3 Bg7 5. Qb3 dxc4 6. Qxc4 O-O 7. e4 Nc6 8. Be2 Bg4 9. Be3 Bxf3 10. gxf3 e5 11. d5 Nd4 12. O-O-O Nxe2+ 13. Qxe2 Rc8 14. Kb1 Qd7 15. Rc1 Nh5 16. Rhd1 Rfe8 17. Qb5 Qh3 18. Qxb7 Qxf3 19. Qxa7 Nf4 20. Qa6 Ra8 21. Qc4 Reb8 22. Rd2 Ng2 23. Qd3 Qf6 24. Rdc2 Nh4 25. Bc5 Nf3 26. b3 Nd4 27. Bxd4 exd4 28. Ne2 Qxf2 29. Rxc7 Qf6 30. R7c6 Qd8 31. d6 Qa5 32. R1c2 Rd8 33. Nc1 Be5 34. R6c5 1-0


[Site "https://www.chess.com"]

[Event "Titled Tuesday Blitz February 22 Early 2022"]
[White "Buscar, Michael"]
[Black "Pinheiro, Iung Alicio de O."]
[WhiteFideId "2603616"]
[BlackFideId "2104350"]
[WhiteElo "2010"]
[BlackElo "2584"]
[Result "0-1"]
[Round "03"]
[TimeControl "180+1"]
[Date "2022.02.22"]
[WhiteClock "0:00:01"]
[BlackClock "0:00:14"]

1. c4 c5 2. g3 g6 3. Bg2 Bg7 4. e3 Nc6 5. Ne2 h5 6. h4 d6 7. Nbc3 Bg4 8. Qa4 Bd7 9. Qd1 Nf6 10. d4 Ng4 11. d5 Na5 12. b3 b5 13. cxb5 a6 14. bxa6 Bc8 15. Bb2 Bxa6 16. O-O Rb8 17. Na4 Nf6 18. Qd2 O-O 19. Rfc1 Bb5 20. Bc3 Ra8 21. Nb2 Qc7 22. b4 cxb4 23. Bxb4 Qd8 24. a4 Bd7 25. Nd4 Ng4 26. Ra3 Ne5 27. Nc6 Bxc6 28. dxc6 Qc7 29. f4 Ng4 30. Nc4 Nxc4 31. Rxc4 Rfd8 32. a5 d5 33. Rc1 Ra6 34. Bf1 Rxc6 35. Rxc6 Qxc6 36. a6 e5 37. a7 Ra8 38. Qc3 Qe6 39. Qc7 exf4 40. Qxf4 Bh6 41. Qb8+ Kh7 42. Bc3 Bxe3+ 43. Kh1 Qe4+ 44. Bg2 Qc2 45. Qxa8 Qd1+ 0-1


[Site "https://www.chess.com"]

[Event "Titled Tuesday Blitz February 22 Early 2022"]
[White "Carlsson, Ludvig"]
[Black "Seifert, Henryk"]
[WhiteFideId "1727010"]
[BlackFideId "1100963"]
[WhiteElo "2178"]
[BlackElo "2120"]
[Result "1-0"]
[Round "03"]
[TimeControl "180+1"]
[Date "2022.02.22"]
[WhiteClock "0:02:02"]
[BlackClock "0:00:07"]

1. Nf3 d5 2. d4 c6 3. c4 Nf6 4. cxd5 cxd5 5. Nc3 Nc6 6. Bf4 Bf5 7. e3 e6 8. Qb3 Bb4 9. Ne5 Qa5 10. Nxc6 bxc6 11. Be2 O-O 12. O-O Bxc3 13. Qxc3 Qxc3 14. bxc3 Ne4 15. Rfc1 f6 16. g4 Bg6 17. c4 Nd2 18. cxd5 cxd5 19. Ba6 Nf3+ 20. Kg2 Be4 21. Kg3 g5 22. Bd6 Rf7 23. Rc7 Rxc7 24. Bxc7 Re8 25. Rc1 Re7 26. Bd6 Rd7 27. Rc8+ Kf7 28. Bc5 Kg7 29. a4 h6 30. Bb5 Rf7 31. Ra8 Nd2 32. Rxa7 Nf1+ 33. Bxf1 1-0


[Site "https://www.chess.com"]

[Event "Titled Tuesday Blitz February 22 Early 2022"]
[White "Cherniaiev, Tykhon"]
[Black "Vidit, Santosh Gujrathi"]
[WhiteFideId "14182360"]
[BlackFideId "5029465"]
[WhiteElo "2289"]
[BlackElo "2654"]
[Result "0-1"]
[Round "03"]
[TimeControl "180+1"]
[Date "2022.02.22"]
[WhiteClock "0:00:01"]
[BlackClock "0:00:20"]

1. Nf3 d5 2. c4 d4 3. b4 c5 4. e3 dxe3 5. fxe3 cxb4 6. d4 Nf6 7. Bd3 g6 8. O-O Bg7 9. a3 bxa3 10. Bxa3 O-O 11. Nbd2 Re8 12. Ne5 Nbd7 13. Ndf3 Nxe5 14. Nxe5 Qc7 15. Qf3 Rb8 16. Bb2 a6 17. Bc3 b6 18. Qc6 Qxc6 19. Nxc6 Ra8 20. Rab1 Nd7 21. Be4 Bb7 22. Nxe7+ Rxe7 23. Bxb7 Ra7 24. Bd5 Rc7 25. Bb4 Rxe3 26. Rxf7 Kh8 27. Bd6 Bxd4 28. Kh1 Ra7 29. Bf4 Re8 30. Rd1 Bg7 31. Bc6 Rf8 32. Rxf8+ Nxf8 33. Be3 Rc7 34. Bd5 b5 35. cxb5 axb5 36. Rb1 Rc3 37. Bg1 Rd3 38. Rxb5 Rd1 39. Bf3 Rc1 40. Rd5 Ne6 41. g3 Bd4 42. Rxd4 Nxd4 43. Bg4 h5 0-1


[Site "https://www.chess.com"]

[Event "Titled Tuesday Blitz February 22 Early 2022"]
[White "Chigaev, Maksim"]
[Black "Moiseenko, Alexander"]
[WhiteFideId "4108116"]
[BlackFideId "14102560"]
[WhiteElo "2502"]
[BlackElo "2577"]
[Result "1/2-1/2"]
[Round "03"]
[TimeControl "180+1"]
[Date "2022.02.22"]
[WhiteClock "0:00:06"]
[BlackClock "0:00:21"]

1. d4 Nf6 2. Nf3 d5 3. Bf4 c5 4. e3 Nc6 5. Be2 Bf5 6. dxc5 e6 7. Nbd2 Bxc5 8. O-O O-O 9. c4 h6 10. a3 Bd6 11. cxd5 exd5 12. Bxd6 Qxd6 13. Nb3 Rac8 14. Rc1 Be4 15. Nbd4 Rfd8 16. b4 a5 17. Nxc6 bxc6 18. bxa5 Qxa3 19. Qd2 Ra8 20. Nd4 c5 21. Ra1 Qb4 22. Qxb4 cxb4 23. Ra4 b3 24. Nxb3 Bc2 25. Bd1 Bd3 26. Re1 Ne4 27. Ra1 Rdb8 28. Nd4 Rb2 29. Be2 Bxe2 30. Rxe2 Rxa5 31. Rf1 Rxe2 32. Nxe2 Ra2 33. Nd4 g6 34. g3 Kg7 35. Kg2 h5 36. h4 Kf6 37. Kg1 Kg7 38. Kg2 Kf6 39. Kg1 Kg7 40. Kg2 1/2-1/2


[Site "https://www.chess.com"]

[Event "Titled Tuesday Blitz February 22 Early 2022"]
[White "Clawitter, Craig"]
[Black "Heinemann, Josefine"]
[WhiteFideId "2023105"]
[BlackFideId "12900460"]
[WhiteElo "2223"]
[BlackElo "2300"]
[Result "0-1"]
[Round "03"]
[TimeControl "180+1"]
[Date "2022.02.22"]
[WhiteClock "0:00:57"]
[BlackClock "0:01:47"]

1. e4 c5 2. Nf3 e6 3. d4 cxd4 4. Nxd4 Nc6 5. Nc3 Qc7 6. Be3 a6 7. Qd2 Nf6 8. O-O-O Bb4 9. Nb3 Nxe4 10. Qe1 Nxc3 11. bxc3 Ba3+ 12. Kb1 O-O 13. Bd3 d5 14. f3 Ne5 15. Bf4 Bd6 16. Bxe5 Bxe5 17. Nd4 Bf6 18. g4 Bd7 19. Rg1 Rac8 20. g5 Be7 21. Qh4 g6 22. Qh6 Qxc3 23. Rg4 Ba3 24. Rh4 Qb2# 0-1


[Site "https://www.chess.com"]

[Event "Titled Tuesday Blitz February 22 Early 2022"]
[White "Colas, Joshua"]
[Black "Pesotskiy, Mikhail"]
[WhiteFideId "2044447"]
[BlackFideId "34164453"]
[WhiteElo "2347"]
[BlackElo "2010"]
[Result "1-0"]
[Round "03"]
[TimeControl "180+1"]
[Date "2022.02.22"]
[WhiteClock "0:00:11"]
[BlackClock "0:00:26"]

1. Nf3 Nf6 2. c4 e6 3. g3 b6 4. Bg2 Bb7 5. O-O Be7 6. b3 O-O 7. Nc3 c5 8. d4 d5 9. cxd5 Nxd5 10. Nxd5 Bxd5 11. dxc5 Bxc5 12. Bb2 Nd7 13. e4 Bxe4 14. b4 Be7 15. Qd4 Nf6 16. Qe3 Qd3 17. Qf4 Bd6 18. Qg5 h6 19. Qe3 Qxe3 20. fxe3 Bxb4 21. Bxf6 gxf6 22. Nd4 Bxg2 23. Kxg2 f5 24. Nc6 Bc5 25. Kf3 Rfc8 26. Ne5 Kg7 27. Rfd1 Rd8 28. Nc6 Rxd1 29. Rxd1 Rc8 30. Nxa7 Ra8 31. Rd7 Kf8 32. e4 fxe4+ 33. Kxe4 b5 34. Nxb5 Rxa2 35. h4 Ra4+ 36. Kf3 Kg7 37. Nc7 Kg6 38. g4 h5 39. gxh5+ Kxh5 40. Rxf7 Kxh4 41. Nxe6 Bd6 42. Rh7# 1-0


[Site "https://www.chess.com"]

[Event "Titled Tuesday Blitz February 22 Early 2022"]
[White "Corrales Jimenez, Fidel"]
[Black "Safarli, Eltaj"]
[WhiteFideId "3506690"]
[BlackFideId "13402129"]
[WhiteElo "2541"]
[BlackElo "2634"]
[Result "0-1"]
[Round "03"]
[TimeControl "180+1"]
[Date "2022.02.22"]
[WhiteClock "0:00:10"]
[BlackClock "0:01:20"]

1. d4 Nf6 2. c4 e6 3. Nc3 Bb4 4. a3 Bxc3+ 5. bxc3 c5 6. f3 Nc6 7. e4 d6 8. d5 Na5 9. Bd3 b6 10. Bg5 h6 11. Bh4 Ba6 12. Qe2 O-O 13. Nh3 Re8 14. O-O Qe7 15. Rae1 exd5 16. cxd5 Bxd3 17. Qxd3 c4 18. Qc2 g5 19. Nxg5 Nh5 20. f4 hxg5 21. Bxg5 f6 22. Bh4 Qh7 23. Re3 Nb3 24. Qe2 Nc5 25. f5 Kf7 26. Rh3 Rxe4 27. Qd1 Nf4 28. Rxf4 Rxf4 29. Bxf6 Qxh3 30. gxh3 Kxf6 31. Kh1 Rg8 32. Qe2 Ne4 0-1


[Site "https://www.chess.com"]

[Event "Titled Tuesday Blitz February 22 Early 2022"]
[White "Coto Mederos, Michel"]
[Black "Kostiukov, Alexandr"]
[WhiteFideId "3508528"]
[BlackFideId "14108100"]
[WhiteElo "2427"]
[BlackElo "2202"]
[Result "0-1"]
[Round "03"]
[TimeControl "180+1"]
[Date "2022.02.22"]
[WhiteClock "0:01:13"]
[BlackClock "0:01:44"]

1. d4 g6 2. c4 Bg7 3. Nc3 d6 4. e4 e5 5. Be3 exd4 6. Bxd4 Nf6 7. f3 Nc6 8. Be3 O-O 9. Qd2 Be6 10. Nh3 Ne5 11. b3 Bxh3 12. f4 Neg4 13. gxh3 Nxe3 14. Qxe3 Nxe4 15. Nxe4 Bxa1 16. Bg2 Qh4+ 17. Ke2 Bg7 18. Kd1 Rae8 19. Qf3 Bh6 20. Rf1 f5 21. Nc3 c6 22. Kc2 Re6 23. Kb1 Re1+ 24. Rxe1 Qxe1+ 25. Kc2 Re8 26. Bf1 Re3 0-1


[Site "https://www.chess.com"]

[Event "Titled Tuesday Blitz February 22 Early 2022"]
[White "Cramling Bellon, Anna"]
[Black "Redzisz, Michal"]
[WhiteFideId "32009232"]
[BlackFideId "21816107"]
[WhiteElo "1905"]
[BlackElo "1961"]
[Result "1-0"]
[Round "03"]
[TimeControl "180+1"]
[Date "2022.02.22"]
[WhiteClock "0:02:17"]
[BlackClock "0:00:09"]

1. d4 Nf6 2. c4 c5 3. d5 e6 4. Nc3 exd5 5. cxd5 d6 6. e4 g6 7. f4 Bg7 8. Bb5+ Nfd7 9. Be2 a6 10. a4 Qh4+ 11. g3 Qe7 12. Nf3 O-O 13. O-O Nf6 14. e5 dxe5 15. fxe5 Ng4 16. d6 Qd8 17. Nd5 Nc6 18. Nc7 Rb8 19. Bg5 Qd7 20. e6 fxe6 21. Bc4 Nge5 22. Bxe6+ 1-0


[Site "https://www.chess.com"]

[Event "Titled Tuesday Blitz February 22 Early 2022"]
[White "Danaci, Ege"]
[Black "Sargsyan, Anna M."]
[WhiteFideId "34506748"]
[BlackFideId "13308130"]
[WhiteElo "1799"]
[BlackElo "2271"]
[Result "0-1"]
[Round "03"]
[TimeControl "180+1"]
[Date "2022.02.22"]
[WhiteClock "0:00:02"]
[BlackClock "0:01:22"]

1. e4 c6 2. Nc3 d5 3. Nf3 Bg4 4. h3 Bxf3 5. Qxf3 Nf6 6. d3 e6 7. Bd2 Nbd7 8. Qg3 Nh5 9. Qf3 Nhf6 10. g4 Bb4 11. a3 Ba5 12. g5 Ng8 13. h4 Ne7 14. Bh3 d4 15. Nb1 Qb6 16. b4 c5 17. bxa5 Qb2 18. O-O Qxa1 19. Nc3 Qb2 20. Rb1 Qxc2 21. Rxb7 Qxd2 22. Nd5 Nxd5 23. exd5 Qe1+ 24. Kg2 Ne5 25. Qh5 O-O 26. f4 Nxd3 27. dxe6 Nxf4+ 0-1


[Site "https://www.chess.com"]

[Event "Titled Tuesday Blitz February 22 Early 2022"]
[White "De Silva, L M S T"]
[Black "Federzoni, Enzo"]
[WhiteFideId "9953698"]
[BlackFideId "2173301"]
[WhiteElo "1631"]
[BlackElo "1956"]
[Result "1-0"]
[Round "03"]
[TimeControl "180+1"]
[Date "2022.02.22"]
[WhiteClock "0:02:34"]
[BlackClock "0:02:12"]

1. e4 c5 2. Nf3 d6 3. Bb5+ Nc6 4. O-O Bd7 5. Re1 Nf6 6. c3 e6 7. d4 cxd4 8. cxd4 Be7 9. d5 Ne5 10. Bxd7+ Qxd7 11. dxe6 Qxe6 12. Nd4 Qd7 13. Nc3 O-O 14. Nf5 g6 15. Nxe7+ Qxe7 16. Bg5 Qe6 17. Bxf6 Qxf6 18. Nd5 Qg5 19. f4 Qh4 20. fxe5 dxe5 21. g3 Qh3 22. Qf3 f5 23. exf5 gxf5 24. Rxe5 Rac8 1-0


[Site "https://www.chess.com"]

[Event "Titled Tuesday Blitz February 22 Early 2022"]
[White "De Souza Sa, Apolo"]
[Black "Richter, Nils"]
[WhiteFideId "324225390"]
[BlackFideId "12990809"]
[WhiteElo "1828"]
[BlackElo "2289"]
[Result "1/2-1/2"]
[Round "03"]
[TimeControl "180+1"]
[Date "2022.02.22"]
[WhiteClock "0:00:32"]
[BlackClock "0:00:20"]

1. d4 Nf6 2. c4 g6 3. g3 c5 4. d5 b5 5. cxb5 a6 6. bxa6 d6 7. Bg2 Bg7 8. Nf3 O-O 9. O-O Nbd7 10. Re1 Nb6 11. e4 Bxa6 12. Qc2 Ng4 13. Nfd2 e6 14. Nc3 Nxf2 15. Kxf2 Bd4+ 16. Re3 f5 17. Nf3 fxe4 18. Qxe4 exd5 19. Nxd5 Nxd5 20. Qxd5+ Kg7 21. Ke1 Bxe3 22. Bxe3 Qe7 23. Kf2 Bb7 24. Qd3 Rxf3+ 25. Bxf3 Rf8 26. Bf4 g5 27. Re1 Qf7 28. Bxb7 Qxb7 29. Qxd6 Qxb2+ 30. Kg1 gxf4 31. Re7+ Kg8 32. Qe6+ Kh8 33. Qe5+ Qxe5 34. Rxe5 fxg3 35. Rxc5 gxh2+ 36. Kxh2 Rf2+ 37. Kh3 Rxa2 38. Rc7 Ra6 39. Kh4 Rh6+ 40. Kg5 Rg6+ 41. Kh5 Rg7 42. Rc8+ Rg8 43. Rc7 Rg7 44. Rc8+ Rg8 45. Rc7 Rg7 1/2-1/2


[Site "https://www.chess.com"]

[Event "Titled Tuesday Blitz February 22 Early 2022"]
[White "Deac, Bogdan-Daniel"]
[Black "Samadov, Read"]
[WhiteFideId "1226380"]
[BlackFideId "13417444"]
[WhiteElo "2646"]
[BlackElo "2084"]
[Result "1-0"]
[Round "03"]
[TimeControl "180+1"]
[Date "2022.02.22"]
[WhiteClock "0:00:06"]
[BlackClock "0:00:05"]

1. e4 c5 2. Nf3 d6 3. d4 cxd4 4. Nxd4 Nf6 5. Nc3 a6 6. h3 e5 7. Nb3 Be6 8. f4 g6 9. Be2 Nbd7 10. O-O Rc8 11. a4 Be7 12. a5 exf4 13. Bxf4 Ne5 14. Bh6 Bf8 15. Qd2 Bxh6 16. Qxh6 Rg8 17. Nd4 Qe7 18. Rad1 Rc5 19. Qd2 Nfd7 20. Na4 Rc8 21. b3 h5 22. c4 Nc6 23. Nxe6 fxe6 24. Qc3 Rf8 25. Rxf8+ Qxf8 26. Qg3 Nce5 27. Nb6 Nxb6 28. axb6 Qe7 29. Qe3 Kf8 30. Qd4 Rc6 31. b4 Kg8 32. c5 Nf7 33. Rc1 dxc5 34. bxc5 e5 35. Qd5 Kg7 36. Rf1 Rxc5 37. Rxf7+ Qxf7 38. Qxc5 Qf4 39. Qc7+ Kh6 40. Qc4 Qe3+ 41. Kh1 Qf2 42. Bf3 h4 43. Qc1+ Kh7 44. Qc7+ Kh6 45. Qxe5 Qe1+ 46. Kh2 a5 47. Qh8+ Kg5 48. Qd8+ Kf4 49. Qf6+ Ke3 50. Qxg6 a4 51. e5 a3 52. Qe4+ Kf2 53. Qxe1+ Kxe1 54. Bd5 1-0


[Site "https://www.chess.com"]

[Event "Titled Tuesday Blitz February 22 Early 2022"]
[White "Delaney, Killian"]
[Black "Martinez, Shawn"]
[WhiteFideId "2501570"]
[BlackFideId "2039770"]
[WhiteElo "2306"]
[BlackElo "2174"]
[Result "1-0"]
[Round "03"]
[TimeControl "180+1"]
[Date "2022.02.22"]
[WhiteClock "0:00:08"]
[BlackClock "0:00:04"]

1. d4 Nf6 2. g4 Nxg4 3. e4 d6 4. Nc3 g6 5. Be2 Nf6 6. h4 h5 7. Bg5 Bg7 8. Qd2 a6 9. O-O-O Nc6 10. f4 b5 11. e5 Ng4 12. Bf3 Bd7 13. Qg2 Ne3 14. Qd2 Nxd1 15. Qxd1 Rc8 16. e6 fxe6 17. Qd3 Nxd4 18. Qxg6+ Kf8 19. Qd3 c5 20. Nge2 b4 21. Nxd4 bxc3 22. Ne2 cxb2+ 23. Kb1 Qa5 24. f5 Bb5 25. c4 Bd7 26. fxe6 Bxe6 27. Nf4 Bf7 28. Qf5 Rb8 29. Ne6+ Kg8 30. Nxg7 Kxg7 31. Rg1 Kf8 32. Bd5 e6 33. Bxe6 Rb7 34. Bxf7 Ra7 35. Qc8+ Kxf7 36. Rf1+ Kg7 37. Bf6+ Kg6 38. Qf5+ 1-0


[Site "https://www.chess.com"]

[Event "Titled Tuesday Blitz February 22 Early 2022"]
[White "Dev, Shah"]
[Black "Suarez Uriel, Adrian"]
[WhiteFideId "35019058"]
[BlackFideId "22230874"]
[WhiteElo "2098"]
[BlackElo "2316"]
[Result "0-1"]
[Round "03"]
[TimeControl "180+1"]
[Date "2022.02.22"]
[WhiteClock "0:00:09"]
[BlackClock "0:00:10"]

1. d4 Nf6 2. c4 g6 3. Nc3 d5 4. cxd5 Nxd5 5. e4 Nxc3 6. bxc3 Bg7 7. Bc4 O-O 8. Ne2 Nc6 9. O-O b6 10. h4 Bb7 11. h5 Na5 12. Bd3 e5 13. h6 Bh8 14. d5 c6 15. c4 cxd5 16. cxd5 Rc8 17. Bb2 Qh4 18. Qd2 Nc4 19. Bxc4 Rxc4 20. Ng3 Bf6 21. Qd3 Rfc8 22. f4 exf4 23. Bxf6 Qxf6 24. Rae1 Rc3 25. Qd2 Rxg3 26. Rxf4 Qc3 27. Qf2 Qc5 28. Rxf7 Qxf2+ 29. Rxf2 Rd3 30. Ref1 Rdc3 31. d6 Rd8 32. e5 Bd5 33. d7 Bf3 34. e6 Kf8 35. Rxf3+ Rxf3 36. Rxf3+ Ke7 37. Rf7+ Kxe6 38. Rxh7 Kf6 39. g4 g5 40. Rg7 b5 41. Kf2 a5 42. Ke3 Rh8 43. Kd4 Rb8 44. Kc5 b4 45. Kc4 a4 46. d8=Q+ Rxd8 47. Kxb4 Rd4+ 48. Ka5 Rxg4 49. Rc7 Kg6 50. h7 Rh4 51. Rd7 g4 52. Rd4 Kxh7 53. Kxa4 Kg6 54. Kb5 Kg5 55. Kb6 Rh6+ 56. Kb5 g3 57. a4 g2 58. Rd8 g1=Q 59. Rg8+ Rg6 60. Rxg6+ Kxg6 61. a5 Qa7 62. a6 Kf5 63. Ka5 Ke5 64. Kb5 Kd5 65. Ka4 Kc5 66. Ka5 Qb6+ 67. Ka4 Qb4# 0-1


[Site "https://www.chess.com"]

[Event "Titled Tuesday Blitz February 22 Early 2022"]
[White "Devaev, Alexander"]
[Black "Mikhailov, Viacheslav"]
[WhiteFideId "4169395"]
[BlackFideId "4187369"]
[WhiteElo "2185"]
[BlackElo "2381"]
[Result "0-1"]
[Round "03"]
[TimeControl "180+1"]
[Date "2022.02.22"]
[WhiteClock "0:00:01"]
[BlackClock "0:00:02"]

1. d4 Nf6 2. c4 g6 3. Nc3 Bg7 4. e4 O-O 5. Nf3 d6 6. h3 c6 7. Bg5 a6 8. a3 b5 9. cxb5 axb5 10. Be2 Bb7 11. O-O h6 12. Be3 Kh7 13. Qc2 Nfd7 14. Rfd1 Na6 15. d5 cxd5 16. Nxd5 Rc8 17. Qb1 Nac5 18. Bxb5 e6 19. Nb4 Bxe4 20. Qa2 Bxf3 21. gxf3 Ne5 22. Be2 Qh4 23. Kg2 d5 24. Rac1 Ned7 25. Bb5 d4 26. Bd2 Qh5 27. Nd3 Nxd3 28. Bxd3 Ne5 29. Be4 Nd7 30. Rxc8 Rxc8 31. Rc1 Rc5 32. b4 Rg5+ 33. Kh2 Ne5 34. Bxg5 Qxg5 35. Rg1 Qf4+ 36. Kg2 h5 37. b5 Nd7 38. Qb3 Be5 39. a4 Qh2+ 40. Kf1 Qxh3+ 41. Ke2 Nc5 42. Qc4 Nd7 43. a5 Qh2 44. Rf1 Qf4 45. b6 Bd6 46. Qd3 Qe5 47. Kd1 Qxa5 48. Qxd4 Qa3 49. b7 Ne5 0-1


[Site "https://www.chess.com"]

[Event "Titled Tuesday Blitz February 22 Early 2022"]
[White "Dew, Brian"]
[Black "Atakhan, Abtin"]
[WhiteFideId "6000495"]
[BlackFideId "22502203"]
[WhiteElo "2118"]
[BlackElo "2119"]
[Result "0-1"]
[Round "03"]
[TimeControl "180+1"]
[Date "2022.02.22"]
[WhiteClock "0:00:33"]
[BlackClock "0:00:55"]

1. b3 Nf6 2. Bb2 e6 3. c4 g6 4. Nf3 Bg7 5. g3 O-O 6. Bg2 d5 7. O-O b6 8. cxd5 exd5 9. d3 Bb7 10. Nbd2 Re8 11. e3 Nbd7 12. Rc1 a5 13. a3 Nc5 14. Nb1 Ba6 15. Ne1 Qd7 16. b4 axb4 17. axb4 Na4 18. Ba1 c5 19. Nc2 Bb7 20. Re1 Rec8 21. bxc5 bxc5 22. Nc3 Nb6 23. Rb1 Ra6 24. Nb5 Bc6 25. Nc3 Na4 26. Qd2 Rca8 27. Nxa4 Rxa4 28. Be5 Ra2 29. Qc3 Qf5 30. Bxf6 Bxf6 31. Qxc5 Ba4 32. Nb4 Qxf2+ 0-1


[Site "https://www.chess.com"]

[Event "Titled Tuesday Blitz February 22 Early 2022"]
[White "Dilmukhametov, Artur"]
[Black "Pires, Marcos Vinicius Torsani"]
[WhiteFideId "24179922"]
[BlackFideId "2118939"]
[WhiteElo "2266"]
[BlackElo "2273"]
[Result "1/2-1/2"]
[Round "03"]
[TimeControl "180+1"]
[Date "2022.02.22"]
[WhiteClock "0:00:15"]
[BlackClock "0:00:08"]

1. e4 c5 2. f4 g6 3. d4 cxd4 4. Qxd4 Nf6 5. e5 Nc6 6. Qd3 Ng8 7. Nf3 Bg7 8. c3 Nh6 9. Be2 O-O 10. O-O Nf5 11. Kh1 d6 12. exd6 Qxd6 13. Qxd6 Nxd6 14. Be3 b6 15. Nbd2 Bb7 16. Bg1 Rfd8 17. Rad1 e6 18. Nc4 Nxc4 19. Bxc4 Bh6 20. Be3 Ne7 21. Bc1 Bxf3 22. Rxd8+ Rxd8 23. Rxf3 e5 24. g3 Rd1+ 25. Rf1 Rxf1+ 26. Bxf1 exf4 27. Bxf4 Bxf4 28. gxf4 f5 29. Kg2 Kf7 30. Kf3 Ke6 31. b3 h6 32. h4 Kf6 33. a4 Nd5 34. c4 Nb4 35. Kg3 Nc2 36. Bg2 a5 37. h5 g5 38. fxg5+ Kxg5 39. Bf3 Nd4 40. Bd1 f4+ 41. Kg2 Kf5 42. Kf2 Ke4 43. Kf1 Kd3 44. Ke1 Kc3 45. Kf2 Kd2 46. Bg4 Kc2 47. Bd7 Kxb3 48. Be8 Kxc4 49. Bd7 Kb4 50. Be8 Kc4 51. Bd7 Kc5 52. Be8 Kd6 53. Bg6 Ke5 54. Be8 Kf6 55. Bb5 Kg5 56. Be8 Ne6 57. Kf3 Ng7 58. Bb5 Nxh5 59. Ke4 Nf6+ 60. Ke5 Ng4+ 61. Kd6 Ne3 62. Kc6 f3 63. Kxb6 f2 64. Kxa5 f1=Q 65. Bxf1 Nxf1 66. Kb5 Nd2 67. a5 Ne4 68. a6 Nd6+ 69. Kc6 Nc8 70. Kc7 Na7 71. Kb7 Nb5 72. Kc6 Na7+ 73. Kb7 Nb5 74. Kc6 Na7+ 75. Kb6 Nc8+ 76. Kb7 Nd6+ 77. Kc6 Nc8 78. Kb7 Nd6+ 79. Kc6 1/2-1/2


[Site "https://www.chess.com"]